 Dungeon Crawl Stone Soup version 0.21-a0-528-gf531e82 (webtiles) character file.

53 slep the Chopper (level 3, -4/18 HPs)
             Began as a Vine Stalker Gladiator on Dec 9, 2017.
             Slain by a worm (6 damage)
             ... on level 2 of the Dungeon.
             The game lasted 00:03:21 (822 turns).

slep the Chopper (Vine Stalker Gladiator)            Turns: 822, Time: 00:03:22

Health: -4/18      AC:  4    Str: 17    XL:     3   Next: 87%
Magic:  0/4        EV: 13    Int:  8    God:
Gold:   26         SH:  0    Dex: 15    Spells: 2/2 levels left

rFire    . . .     SeeInvis .   a - +0 war axe
rCold    . . .     Gourm    .   (no shield)
rNeg     . . .     Faith    .   b - +0 leather armour
rPois    .         Spirit   +   c - +0 helmet
rElec    .         Reflect  .   (no cloak)
rCorr    .         Harm     .   (no gloves)
MR       .....                  (no boots)
Stlth    +.........             (no amulet)
HPRegen  0.06/turn              (no ring)
MPRegen  0.09/turn              (no ring)

@: no status effects
A: fangs 2, magic shield, antimagic bite, no potion heal 3, rot immunity
a: no special abilities


You were on level 2 of the Dungeon.
You were not hungry.

You visited 1 branch of the dungeon, and saw 2 of its levels.

You collected 26 gold pieces.

Inventory:

Hand Weapons
 a - a +0 war axe (weapon)
Missiles
 d - 3 throwing nets (quivered)
 k - 5 tomahawks
Armour
 b - a +0 leather armour (worn)
 c - a +0 helmet (worn)
Jewellery
 o - an uncursed ring of protection from magic {unknown}
 t - an uncursed amulet of regeneration {unknown}
Scrolls
 g - a scroll of enchant weapon {unknown}
 m - a scroll of enchant armour {unknown}
 n - a scroll of identify {unknown}
 p - 3 scrolls of magic mapping {unknown}
Potions
 e - a potion of haste {unknown}
 h - a potion of invisibility {unknown}
 j - a potion of might {unknown}
 l - a potion of resistance
 r - a potion of brilliance {unknown}
 s - a potion of mutation {unknown}
Comestibles
 f - 2 bread rations
 i - a royal jelly
 q - a meat ration


   Skills:
 + Level 2.0 Fighting
 + Level 3.3 Axes
 + Level 1.8 Throwing
 + Level 0.3 Armour
 + Level 3.1 Dodging
 + Level 0.3 Stealth


You had 2 spell levels left.
You didn't know any spells.

Dungeon Overview and Level Annotations

Branches:
Dungeon (2/15)

Altars:


Innate Abilities, Weirdness & Mutations

You have extremely sharp teeth.
When hurt, damage is shared between your health and your magic reserves.
Your bite disrupts and absorbs the magic of your enemies.
Potions cannot restore your health.
You are immune to rotting.


Message History

* * * LOW HITPOINT WARNING * * *
You barely miss the leopard gecko. Your bite misses the leopard gecko.
The leopard gecko is lightly wounded.
You hit the worm. The leopard gecko closely misses you.
You hit the leopard gecko. Your bite misses the leopard gecko.
The leopard gecko is almost dead.
You barely miss the worm. The leopard gecko closely misses you.
The worm bites you but does no damage. The leopard gecko closely misses you.
You closely miss the leopard gecko. Your bite misses the leopard gecko.
The leopard gecko is almost dead.
You hit the worm. The leopard gecko barely misses you.
The worm completely misses you.
You slash the leopard gecko!
You kill the leopard gecko!
You barely miss the worm. The worm closely misses you.
You slash the worm! You bite the worm. You drain its power.
You feel invigorated.
The worm is almost dead.
The worm bites you!
You die...

# #.#.#
#######.#.#
#..
........#.#
#.# #
...)).....#
#.# .#
.#####..###
#.# #.# ##
#..# #.#
#.. # #..#
#.##.# #..#
#.#.# #..#
#@w# ##).#
#.## ##...#
###.##
#...##
#....#
#..##
#.###.#
#.(# #.#
#.# #((#
#.# ## #..#
#.# #..#
#.#


You could see a worm.

Vanquished Creatures
  An ooze (D:2)
  A worm (D:2)
  3 dart slugs
  2 leopard geckos (D:2)
  2 ball pythons (D:2)
  5 bats
  4 giant cockroaches
  7 goblins
  2 hobgoblins (D:2)
  2 frilled lizards
  4 kobolds
  3 rats (D:1)
36 creatures vanquished.

Notes
Turn   | Place    | Note
-------+----------+-------------------------------------------
     0 | D:1      | slep the Vine Stalker Gladiator began the quest for the Orb.
     0 | D:1      | Reached XP level 1. HP: 11/11 MP: 2/2
   179 | D:1      | Reached XP level 2. HP: 14/15 MP: 3/3
   412 | D:2      | Reached XP level 3. HP: 18/18 MP: 4/4
   822 | D:2      | Slain by a worm

Vault maps used:
D:1:      dpeg_arrival_central, minmay_hexomino_p4
D:2:      marbit_many_paths

Skill      XL: |  1  2  3 |
---------------+----------+-----
Axes           | 3 |  3.3
Dodging        | 3 |  3.1
Fighting       | 2 |  2.0
Throwing       | |  1.8
Armour         | |  0.3
Stealth        | |  0.3

Action                   || total
-------------------------++-------
Melee: War axe           ||    81
       Bite              ||    19
 Stab: Sleeping          ||     1
       Distracted        ||     1
Armor: Leather armour    ||    21
Dodge: Dodged            ||    74

Table legend:
 A = Spawn XP
 B = Non-spawn XP
 C = Spawn XP percentage of total XP
 D = Spawn monster count
 E = Non-spawn monster count
 F = Spawn count percentage of total count
 G = Total turns spent on level
                    A         B        C        D         E        F      G
               +---------+---------+-------+---------+---------+-------+---------
         Total |       0 |      76 |   0.0 |       0 |      36 |   0.0 |   822
               +---------+---------+-------+---------+---------+-------+---------
           D:1 |       0 |      29 |   0.0 |       0 |      17 |   0.0 |   396
           D:2 |       0 |      47 |   0.0 |       0 |      19 |   0.0 |   426
               +---------+---------+-------+---------+---------+-------+---------
